 Dungeon Crawl Stone Soup version 0.31-a0-102-g33a4ccc0cb (webtiles) character file.

Game seed: 3649758937408541957

207 Sobieck the Conjurer (level 5, -2/28 HPs)
             Began as a Deep Elf Conjurer on May 26, 2023.
             Slain by an ogre
             ... wielding a +0 giant club
              (6 damage)
             ... on level 4 of the Dungeon.
             The game lasted 00:04:21 (3468 turns).

Sobieck the Conjurer (Deep Elf Conjurer)            Turns: 3468, Time: 00:04:22

Health: -2/28      AC:  2    Str:  4    XL:     5   Next: 54%
Magic:  14/14      EV: 12    Int: 25    God:
Gold:   98         SH:  0    Dex: 13    Spells: 3/14 levels left

rFire   . . .        (no weapon)
rCold   . . .        (no shield)
rNeg    . . .        a - +0 robe
rPois   .            (no helmet)
rElec   .            (no cloak)
rCorr   .            (no gloves)
SInv    .            (no boots)
Will    +....        (no amulet)
Stlth   ++           m - ring of willpower
HPRegen 0.24/turn    (no ring)
MPRegen 0.14/turn

%: no passive effects
@: no status effects
A: no striking features
a: no special abilities


You were on level 4 of the Dungeon.
You visited 2 branches of the dungeon, and saw 5 of its levels.

You collected 98 gold pieces.

Inventory:

Armour
 a - a +0 robe (worn)
Magical Staves
 d - a staff of poison
Jewellery
 m - a ring of willpower (left hand)
Scrolls
 c - a scroll of fog {unknown}
 B - a scroll of blinking
Potions
 b - a potion of magic
 j - a potion of brilliance
 k - a potion of heal wounds
 l - a potion of might {unknown}
 Q - 2 potions of curing


   Skills:
 - Level 2.4 Dodging
 - Level 2.4 Stealth
 + Level 5.1 Spellcasting
 * Level 6.7 Conjurations


You had 3 spell levels left.
You knew the following spells:

 Your Spells              Type           Power      Damage    Failure   Level
a - Magic Dart            Conj           100%       1d8       1%          1
b - Searing Ray           Conj           78%        2d7       1%          2
c - Fulminant Prism       Conj/Hex       9%         3d6       26%         4
d - Iskenderun's Mystic   Conj/Tloc      19%        2d6       26%         4

Your spell library contained the following spells:

 Spells                   Type           Power      Damage    Failure   Level
 Beastly Appendage        Tmut           12%        N/A       9%          1
 Dazzling Flash           Conj/Hex       38%        N/A       9%          3
 Wereblood                Tmut           6%         N/A       12%         2
 Spider Form              Tmut/Pois      3%         N/A       32%         3


Dungeon Overview and Level Annotations

Branches:
Dungeon (4/15)             Temple (1/1) D:4

Altars:
Ashenzari
Dithmenos
Elyvilon
Fedhas
Kikubaaqudgha
Makhleb
Nemelex Xobeh
Okawaru
Qazlal
Sif Muna
Trog
Uskayaw
Wu Jian
Xom
Zin
The Shining One

Shops:
D:3 [


Message History

Unknown command.
Unknown command.
The magic dart hits the kobold.
You kill the kobold!
You can't see any susceptible monsters within range! (Use Z to cast anyway.) Magic restored.
HP restored.
There is a fountain of clear blue water here.
A ball python comes into view.
A ball python is nearby!
Unknown command.
The magic dart hits the ball python!
You kill the ball python!
You can't see any susceptible monsters within range! (Use Z to cast anyway.)
You can't see any susceptible monsters within range! (Use Z to cast anyway.)
B - a scroll of blinking You now have 98 gold pieces (gained 12).
d - a staff of poison You open the large door.
A goblin and a hound come into view.
The hound barks!
Found 19 gold pieces.
Unknown command.
The magic dart hits the goblin.
You kill the goblin!
An ogre comes into view. It is wielding a +0 giant spiked club.
The magic dart hits the hound.
The hound is lightly wounded.
The ogre shouts!
Unknown command.
The hound attacks as you move away! The hound barely misses you.
The hound attacks as you move away! The hound bites you.
The hound closely misses you. The hound attacks as you move away!
The hound bites you. x2
The hound barely misses you. The hound closely misses you.
The hound attacks as you move away! The hound bites you. x2
The hound bites you. The hound attacks as you move away!
The hound closely misses you. The hound closely misses you.
An ogre comes into view. It is wielding a +0 giant club.
Found a potion of heal wounds and 8 gold pieces.
The hound attacks as you move away! The hound bites you.
* * * LOW HITPOINT WARNING * * *
The hound bites you.
* * * LOW HITPOINT WARNING * * *
Unknown command.
The hound barely misses you. The ogre hits you with a +0 giant club.
You die...

#........#..... #..........
.....(...# #...........
.........# #O..........
..#......####
#####...........
###.........###..##..##..#...
#..##.......#..##..# .###..
#..............#h#.........
##.......##......#.......
###........##...@O.........
.#..........#......##......
............<.......#.....!
........#....$.............
.###....##..........#.....#
## ##..####.#.......#...
...##..##......# .# ....#.
#....... ....#


You could see an ogre and a hound.

Vanquished Creatures
  An iguana (D:3)
  Natasha (twice) (D:3)
  4 adders
  2 worms (D:2)
  3 dart slugs
  10 orcs (D:3)
  13 ball pythons
  2 endoplasms
  2 giant cockroaches
  6 goblins
  7 hobgoblins
  3 jackals (D:4)
  A quokka (D:2)
  4 bats
  4 frilled lizards
  6 kobolds
  3 rats
73 creatures vanquished.

Notes
Turn   | Place    | Note
-------+----------+-------------------------------------------
     0 | D:1      | Sobieck the Deep Elf Conjurer began the quest for the Orb.
     0 | D:1      | Reached XP level 1. HP: 10/10 MP: 6/6
   264 | D:1      | Reached XP level 2. HP: 15/15 MP: 6/8
   754 | D:2      | Reached skill level 5 in Conjurations
   827 | D:2      | Reached XP level 3. HP: 14/19 MP: 5/10
   830 | D:2      | Learned a level 2 spell: Searing Ray
  1336 | D:2      | Reached XP level 4. HP: 24/24 MP: 8/12
  1430 | D:2      | Learned a level 4 spell: Fulminant Prism
  1435 | D:2      | Learned a level 4 spell: Iskenderun's Mystic Blast
  2485 | D:3      | Noticed Natasha
  2488 | D:3      | Killed Natasha
  2489 | D:3      | Reached skill level 6 in Conjurations
  2738 | D:3      | Reached XP level 5. HP: 28/28 MP: 11/14
  2886 | D:3      | Found Izeq's Antique Armour Boutique.
  3010 | D:4      | Noticed a black bear
  3106 | D:3      | Noticed Natasha
  3110 | D:3      | Killed Natasha
  3330 | D:4      | Found a staircase to the Ecumenical Temple.
  3340 | Temple   | Entered the Ecumenical Temple
  3445 | D:4      | Noticed an ogre
  3464 | D:4      | Noticed an ogre
  3468 | D:4      | Slain by an ogre

Illustrated notes

Levels and vault maps discovered:
D:1:      wander_arrival_peaceful_grave, layout_basic, serial_bayou_pond_d
D:2:      layout_basic
D:3:      layout_basic, serial_shops, shop, minmay_checkerbox, uniq_natasha
D:4:      layout_cave_pools, nicolae_gozag_cash_rules_everything_around_me,
          minmay_temple_entry_statues_fountains, hangedman_glass_teeth,
          kennysheep_generic_room_7
Temple:   nicolae_temple_x_marks_the_god

Skill      XL: |  1  2  3  4  5 |
---------------+----------------+-----
Conjurations   | 5 6 |  6.7
Spellcasting   | 4 5 |  5.1
Dodging        | |  2.4
Stealth        | |  2.4

Action                     |  1- 3 |  4- 6 || total
---------------------------+-------+-------++-------
   Cast: Magic Dart        |    61 |    55 ||   116
         Searing Ray       |     3 |     7 ||    10
    Use: Scroll            |       |     8 ||     8
 Armour: Robe              |     5 |     1 ||     6
  Dodge: Dodged            |     3 |     8 ||    11

Table legend: (Time is in decaauts)
 A = Elapsed time spent in this place.
 B = Non-inter-level travel time spent in this place.
 C = Inter-level travel time spent in this place.
 D = Time resting spent in this place.
 E = Time spent auto-exploring this place.
 F = Levels seen in this place.
 G = Mean time per level.
                   A        B        C        D        E       F      G
               +--------+--------+--------+--------+--------+-----+--------+
         Total |   3468 |   3306 |    162 |    108 |   2877 |   5 |  693.6 |
       Dungeon |   3409 |   3255 |    154 |    108 |   2831 |   4 |  852.2 |
        Temple |     58 |     50 |      8 |      0 |     46 |   1 |   58.0 |
               +--------+--------+--------+--------+--------+-----+--------+

Top non-repeatable levels by time:
     D:3: 1275 daAuts
     D:2: 1173 daAuts
     D:1: 698 daAuts
     D:4: 261 daAuts
  Temple: 58 daAuts
